 Dungeon Crawl Stone Soup version 0.23-a0-137-gef0ad6d (webtiles) character file.

1159 snuffy2 the Skirmisher (level 8, -7/65 HPs)
             Began as a Demonspawn Wanderer on Aug 29, 2018.
             Was a Follower of Okawaru.
             Shot with an arrow by a centaur (13 damage)
             ... on level 6 of the Dungeon.
             The game lasted 00:17:36 (5191 turns).

snuffy2 the Skirmisher (Demonspawn Wanderer)        Turns: 5191, Time: 00:17:36

Health: -7/65      AC:  5    Str: 15    XL:     8   Next: 16%
Magic:  11/11      EV: 12    Int: 15    God:    Okawaru [*.....]
Gold:   230        SH:  0    Dex: 13    Spells: 11/11 levels left

rFire    . . .     SeeInvis .   B - +2 dire flail (drain)
rCold    . . .     Gourm    .   (shield currently unavailable)
rNeg     . . .     Faith    .   a - +2 leather armour
rPois    .         Spirit   .   (no helmet)
rElec    .         Reflect  .   (no cloak)
rCorr    .         Harm     .   (no gloves)
MR       .....                  (no boots)
Stlth    +++.......             (no amulet)
HPRegen  0.20/turn              m - ring of flight
MPRegen  0.12/turn              (no ring)

@: drained
A: talons 2, thin skeletal structure 1, demonic guardian 1
a: Heroism, Renounce Religion, Evoke Flight


You were on level 6 of the Dungeon.
You worshipped Okawaru.
Okawaru was aware of your devotion.
You were not hungry.

You visited 2 branches of the dungeon, and saw 7 of its levels.

You collected 230 gold pieces.

Inventory:

Hand Weapons
 b - a +0 spear
 i - a +0 dagger
 q - a +0 great sword
   (You found it on level 2 of the Dungeon)
 u - a cursed +1 morningstar of draining
   (You took it off a wight on level 6 of the Dungeon)
 B - a +2 dire flail of draining (weapon)
   (You took it off Blork the orc on level 5 of the Dungeon)
 D - a +2 war axe
   (You took it off a wight on level 6 of the Dungeon)
Missiles
 k - 4 tomahawks (quivered)
Armour
 a - a +2 leather armour (worn)
 p - a +1 plate armour of cold resistance
   (You found it on level 2 of the Dungeon)
 x - a +0 ring mail
   (You took it off an orc on level 3 of the Dungeon)
 y - a +0 scale mail
   (You found it on level 4 of the Dungeon)
Jewellery
 m - a ring of flight (left hand)
   (You found it on level 1 of the Dungeon)
 w - an uncursed ring of fire
   (You found it on level 3 of the Dungeon)
Wands
 d - a wand of iceblast (6)
   (You found it on level 4 of the Dungeon)
 t - a wand of flame (28)
   (You found it on level 3 of the Dungeon)
Scrolls
 f - a scroll of teleportation {unknown}
 g - 3 scrolls of enchant weapon
 h - 2 scrolls of enchant armour
 l - a scroll of immolation {unknown}
 r - a scroll of amnesia {unknown}
 v - a scroll of remove curse {unknown}
Potions
 c - a potion of curing {@q1}
 j - a potion of berserk rage {unknown}
 n - 3 potions of brilliance
 o - a potion of ambrosia {unknown}
 s - a potion of degeneration {unknown}
 z - a potion of flight {unknown}
 C - a potion of mutation {unknown}
Comestibles
 e - 6 rations {!d}
 A - 3 chunks of flesh


   Skills:
 + Level 6.7(5.8) Fighting
 - Level 2.6(1.9) Dodging
 + Level 6.4(5.5) Stealth
 - Level 2.0(1.2) Spellcasting
   Level 1.0(0.2) Earth Magic
 + Level 4.1(3.3) Invocations
 - Level 1.0(0.2) Evocations


You had 11 spell levels left.
You didn't know any spells.
Your spell library was empty.

Dungeon Overview and Level Annotations

Branches:
Dungeon (6/15)             Temple (1/1) D:5

Altars:
Gozag
Hepliaklqana
Makhleb
Okawaru
Qazlal
Ru
Sif Muna
Trog
Xom
Zin

Annotations:
D:4 exclusion: 3 slaves, Pikel
D:5 2 transporters


Innate Abilities, Weirdness & Mutations

You have razor-sharp toenails.
You have a somewhat thin skeletal structure. (Dex +2, Stealth)
A weak demonic guardian rushes to your aid.


Message History

Your shadow imp hits the wight but does no damage.
The wight closely misses you.
The wight struggles against the net.
Your shadow imp hits the wight.
You barely miss the wight.
The wight struggles against the net.
Your shadow imp hits the wight but does no damage.
The wight closely misses you.
You hit the wight but do no damage. Your kick misses the wight.
The wight struggles against the net.
The net rips apart, and the wight comes free!
Your shadow imp hits the wight but does no damage.
The wight barely misses you.
You puncture the wight!
Your shadow imp disappears in a puff of smoke!
The wight barely misses you.
Okay, then.
You barely miss the wight. You claw the wight, but do no damage.
The wight hits you with a morningstar of draining!
* * * LOW HITPOINT WARNING * * *
You feel drained. x2
* * * LOW HITPOINT WARNING * * *
Okay, then.
Okay, then.
Okay, then.
Aim: a wight, wielding a morningstar of draining and wearing a robe (almost That beam is likely to hit you.
Continue anyway?
The mass of ice explodes!
The iceblast engulfs the wight.
The wight partially resists.
You destroy the wight!
Okawaru accepts your kill.
Your base Invocations skill increases to level 4!
The iceblast engulfs you!
* * * LOW HITPOINT WARNING * * *
The iceblast engulfs the wight.
The wight partially resists.
You destroy the wight!
Okawaru accepts your kill.
You hear a shout!
You hear an angry hiss.
You hear a shout! x4
Things that are here:
a morningstar of draining; a robe
u - a morningstar of draining
Things that are here:
a morningstar; a robe An adder comes into view.
The centaur wields a shortbow.
The centaur shoots an arrow.
The arrow hits your shadow imp!
The centaur shoots an arrow.
The arrow hits your shadow imp!
Your shadow imp dies!
Okay, then.
Okay, then.
The centaur shoots an arrow.
The arrow hits you!
You die...

..........#.. ##.##.......#.
............########..#.......##
>........#..............####.###
.........##.####....S..## .###
............# #.#..#...... ....
.......<..#### #...##.##### ##.
.........c...###..###..# #..
......>..###.(.[....##[## ..#
.........# ####@..#...... . .
........## #..#.#...... ##
........# #..[...# # .######.#
#...#.### . .........##)# . ..
...... ... .c.....####...# .#..
#...# ## ....#


You could see a centaur and an adder.

Vanquished Creatures
  An ice beast (D:5)
  A slave (D:4)
  2 ogres (D:5)
  A centaur (D:5)
  4 wights (D:6)
  A crimson imp (D:5)
  A hound (D:5)
  A bullfrog skeleton (D:5)
  An orc wizard (D:4)
  An iguana (D:5)
  6 worker ants
  A hound zombie (D:3)
  3 adders
  An ooze (D:4)
  3 worms (D:3)
  3 leopard geckos
  5 orcs
  3 giant cockroaches
  7 goblins
  5 hobgoblins
  8 jackals
  8 kobolds
  2 quokkas
  10 bats
  8 frilled lizards
  2 rats
89 creatures vanquished.

Vanquished Creatures (collateral kills)
  Eustachio (D:4)
  Blork the orc (D:5)
  2 wyvern zombies
  An orc priest (D:3)
  A worker ant (D:4)
  An adder zombie (D:5)
  A dart slug (D:5)
  4 orcs (D:3)
  A giant cockroach (D:4)
13 creatures vanquished.

Grand Total: 102 creatures vanquished

Notes
Turn   | Place    | Note
-------+----------+-------------------------------------------
     0 | D:1      | snuffy2 the Demonspawn Wanderer began the quest for the
                  | Orb.
     0 | D:1      | snuffy2 set off with: a +2 leather armour, a +0 spear, a
                  | potion of curing {@q1}, a +0 dagger, a ration {!d}
     0 | D:1      | Reached XP level 1. HP: 15/15 MP: 3/3
    52 | D:1      | Gained mutation: You have sharp toenails. [demonic
                  | ancestry]
    52 | D:1      | Reached XP level 2. HP: 12/21 MP: 5/5
   740 | D:1      | Reached XP level 3. HP: 24/27 MP: 6/6
  1657 | D:3      | Found a sacrificial altar of Ru.
  1715 | D:3      | Gained mutation: A weak demonic guardian rushes to your
                  | aid. [demonic ancestry]
  1715 | D:3      | Reached XP level 4. HP: 15/34 MP: 7/7
  2522 | D:5      | Entered Level 5 of the Dungeon
  2533 | D:5      | Noticed an ogre
  2578 | D:5      | Noticed Blork the orc
  2599 | D:6      | Gained mutation: You have razor-sharp toenails. [demonic
                  | ancestry]
  2599 | D:6      | Reached XP level 5. HP: 39/41 MP: 8/8
  2600 | D:6      | Noticed a centaur
  2971 | D:5      | Noticed a centaur
  2977 | D:5      | Killed a centaur
  2977 | D:5      | Reached XP level 6. HP: 12/49 MP: 9/9
  3266 | D:5      | Found a glowing silver altar of Zin.
  3302 | D:5      | Noticed an ice beast
  3303 | D:5      | Reached skill level 5 in Stealth
  3318 | D:5      | Killed an ice beast
  3339 | D:4      | Reached skill level 5 in Fighting
  3411 | D:5      | Found a staircase to the Ecumenical Temple.
  3418 | Temple   | Entered the Ecumenical Temple
  3459 | Temple   | Became a worshipper of Warmaster Okawaru
  3721 | D:4      | Noticed a slave
  3797 | D:4      | Gained mutation: You have a somewhat thin skeletal
                  | structure. (Dex +2, Stealth) [demonic ancestry]
  3797 | D:4      | Reached XP level 7. HP: 25/56 MP: 10/10
  4065 | D:4      | Noticed Eustachio
  4080 | D:4      | Killed Eustachio
  4080 | D:4      | Reached skill level 1 in Invocations
  4336 | D:4      | Noticed Pikel
  4778 | D:5      | Found a transporter.
  4796 | D:5      | Killed Blork the orc
  4796 | D:5      | Reached * piety under Okawaru
  4811 | D:5      | Found a transporter.
  5052 | D:5      | Found a stormy altar of Qazlal.
  5065 | D:5      | Reached XP level 8. HP: 56/65 MP: 11/11
  5191 | D:6      | Shot with an arrow by a centaur

Vault maps used:
D:1:      minmay_arrival_semitransparent, minmay_cut_off
D:2:      serial_bayou, serial_bayou_pond_d, serial_bayou_lagoon_a,
          serial_bayou_pond_d, serial_bayou_lake_a
D:3:      nicolae_overflow_crystal_walls
D:4:      first_ration, uniq_pikel, uniq_eustachio
D:5:      gammafunk_wand_slinger, zin_statuary, minmay_temple_entry_junction,
          nicolae_qazlal_eye_of_the_storm, uniq_blork_the_orc
D:6:      minmay_goblin_kobold_castle, nicolae_dithmenos_shadow_blocks
Temple:   minmay_crystal_spiral_temple

Skill      XL: |  1  2  3  4  5  6  7  8 |
---------------+-------------------------+-----
Stealth        | 2 3 4 5 6 |  6.4
Fighting       | 2 3 4 5 6 |  6.7
Invocations    | 3 4 |  4.1
Dodging        | |  2.6
Spellcasting   | |  2.0
Earth Magic    | |  1.0
Evocations     | |  1.0

Action                   |  1- 3 |  4- 6 |  7- 9 || total
-------------------------+-------+-------+-------++-------
Melee: Spear             |    22 |       |       ||    22
       Dagger            |   112 |       |    77 ||   189
       Kick              |    24 |    26 |    32 ||    82
       Great sword       |    32 |    95 |     2 ||   129
       Dire flail        |       |       |    42 ||    42
Throw: Throwing net      |       |       |     2 ||     2
Evoke: Wand              |       |       |     1 ||     1
  Use: Scroll            |     2 |     3 |     1 ||     6
 Stab: Sleeping          |     2 |     1 |     2 ||     5
  Eat: Chunk             |     3 |     3 |     2 ||     8
       Ration            |       |     1 |     1 ||     2
Armor: Leather armour    |    82 |    42 |    22 ||   146
Dodge: Dodged            |   154 |    82 |    64 ||   300
       Rpst.: Great sword |    19 |    22 |       ||    41

Table legend:
 A = Non-vault XP
 B = Vault XP
 C = Vault XP percentage of total XP
 D = Non-vault monster count
 E = Vault monster count
 F = Vault count percentage of total count
                 A         B        C        D         E       F
            +---------+---------+-------+---------+---------+-------
      Total |    1421 |     235 |  14.2 |      95 |       6 |   5.9
            +---------+---------+-------+---------+---------+-------
        D:1 |      34 |       8 |  19.0 |      20 |       4 |  16.7
        D:2 |      29 |       0 |   0.0 |      10 |       0 |   0.0
        D:3 |     106 |       0 |   0.0 |      28 |       0 |   0.0
        D:4 |     217 |     158 |  42.1 |      13 |       1 |   7.1
        D:5 |     659 |      69 |   9.5 |      16 |       1 |   5.9
        D:6 |     376 |       0 |   0.0 |       8 |       0 |   0.0
            +---------+---------+-------+---------+---------+-------
